Map: Incorporeal LE

Players

Ksiva

  • Race: Protoss Protoss
  • League: Master
  • Spawn Location: 5:00

Void - Winner!

  • Race: Zerg Zerg
  • League: Master
  • Spawn Location: 11:00

VOD

Have the link to the VOD?

Description

Time

  • Played on: Nov. 6, 2025, 1:03 a.m.
  • Length: 8:12
Show
View Real Time Build Order
Export as new Build Order

Ksiva Protoss 

Build Orders: Oracle Opening 

Get SALT Encoding   

  12  0:01  Probe (Chrono Boost)  
  13  0:10  Probe (Chrono Boost)  
  14  0:30  Pylon  
  14  0:33  Probe  
  15  0:41  Assimilator  
  15  0:48  Probe  
  16  1:00  Probe  
  16  1:01  Gateway  
  17  1:08  Gateway  
  17  1:11  Gateway  
  17  1:15  Probe  
  18  1:28  Probe  
  19  1:36  Pylon  
  19  1:40  Probe  
  20  1:54  Cybernetics Core  
  20  1:57  Forge  
  20  2:04  Assimilator  
  20  2:07  Zealot x2  
  24  2:25  Probe  
  25  2:33  Stargate  
  25  2:37  Probe  
  25  2:41  Photon Cannon  
  26  2:49  Photon Cannon, Probe  
  27  2:54  Shield Battery  
  27  3:03  Warp Gate  
  27  3:16  Oracle (Chrono Boost)  
  30  3:45  Pylon  
  30  4:11  Void Ray (Chrono Boost)  
  31  4:44  Void Ray (Chrono Boost)  
  31  4:51  Pylon  
  35  4:53  Protoss Air Weapons Level 1  
  35  4:54  Pylon  
  35  5:17  Stalker x2  
  35  5:18  Stalker  
  41  5:42  Zealot  
  41  5:43  Zealot x2  
  43  6:43  Zealot x2  
  43  6:44  Zealot  
  45  6:52  Twilight Council  
  45  7:32  Fleet Beacon  
  27  8:01  Zealot x2  
  27  8:02  Zealot  
Show
View Real Time Build Order
Export as new Build Order

Void Zerg - Winner!

Build Orders: Hatch First 

Get SALT Encoding   

  12  0:00  Drone  
  13  0:14  Overlord  
  13  0:34  Drone  
  14  0:53  Hatchery  
  14  0:54  Extractor  
  12  1:03  Spawning Pool  
  11  1:11  Drone  
  12  1:13  Drone x2  
  14  1:30  Drone  
  15  1:42  Drone  
  15  1:44  Drone  
  17  1:51  Queen  
  19  1:54  Zergling x2  
  19  1:58  Metabolic Boost  
  20  2:13  Queen  
  22  2:16  Zergling x2  
  23  2:34  Zergling x2  
  23  2:35  Drone x4  
  28  2:49  Overlord  
  28  3:27  Drone x3  
  29  3:28  Drone x5  
  29  3:31  Lair  
  29  3:32  Overlord  
  36  3:34  Overlord  
  36  3:57  Spore Crawler  
  36  4:02  Spore Crawler  
  34  4:07  Spore Crawler  
  33  4:15  Drone  
  33  4:16  Drone x2  
  36  4:20  Roach Warren  
  32  4:38  Drone x2  
  32  4:39  Zergling x6  
  32  4:43  Hydralisk Den  
  32  4:44  Drone  
  38  4:45  Drone  
  38  4:50  Drone x2, Extractor  
  39  4:58  Zergling x4  
  39  4:59  Zergling x2  
  42  5:12  Drone x2  
  42  5:13  Drone  
  42  5:14  Hatchery, Extractor, Grooved Spines  
  44  5:15  Hydralisk x4  
  44  5:20  Overlord  
  50  5:32  Spore Crawler, Queen  
  51  5:37  Overlord  
  51  5:38  Overlord  
  51  5:43  Hydralisk  
  53  5:51  Hydralisk x2  
  53  5:56  Drone  
  58  6:09  Hatchery  
  55  6:15  Hydralisk  
  57  6:46  Hydralisk x2  
  61  6:49  Drone  
  61  6:50  Drone x6  
  61  6:53  Drone x2  
  70  7:07  Hydralisk x2  
  74  7:08  Zergling x2  
  74  7:09  Zergling x2, Overlord  
  76  7:29  Overlord  
  76  7:30  Overlord  
  76  7:31  Overlord  
Tags
 
Add a new tag
Caveats
  • Supply blocks, unpowered buildings, or Contaminate may cause inaccurate times.
  • Supply counts are checked every 10 seconds.